 Seeded DCSS version 0.30-a0-715-gdb4ae3ece1 (webtiles) character file.

Game seed: 17543857038586890609 (custom seed)

32 flotson the Sneak (level 3, -7/29 HPs)
             Began as a Demonspawn Delver on Jan 24, 2023.
             Mangled by an iguana (12 damage)
             ... on level 5 of the Dungeon.
             The game lasted 00:00:36 (281 turns).

flotson the Sneak (Demonspawn Delver)                Turns: 281, Time: 00:00:36

Health: -7/29      AC:  3    Str: 14    XL:     3   Next: 10%
Magic:  3/3        EV: 12    Int: 11    God:
Gold:   21         SH:  4    Dex: 14    Spells: 2/2 levels left

rFire   . . .      SeeInvis .    b - +0 arbalest
rCold   . . .      Faith    .    (shield currently unavailable)
rNeg    . . .      Spirit   .    h - +0 leather armour
rPois   .          Reflect  .    (helmet restricted)
rElec   .          Harm     .    (no cloak)
rCorr   .          Rampage  .    (no gloves)
Will    .....                    (no boots)
Stlth   +++                      (no amulet)
HPRegen 0.24/turn                (no ring)
MPRegen 0.08/turn                (no ring)

@: no status effects
A: antennae 1, large bone plates 1
a: no special abilities


You were on level 5 of the Dungeon.
You visited 1 branch of the dungeon, and saw 1 of its levels.

You collected 21 gold pieces.

Inventory:

Hand Weapons
 a - a +0 hand axe
 b - a +0 arbalest (weapon)
Armour
 h - a +0 leather armour (worn)
Wands
 g - a wand of digging (3)
Scrolls
 c - a scroll of fog
 d - a scroll of magic mapping
 e - a scroll of fear
Potions
 f - a potion of flight {unknown}


   Skills:
 + Level 3.2 Fighting
 + Level 2.0 Axes
 + Level 0.7 Armour
 + Level 2.0 Dodging
 + Level 4.7 Stealth
 + Level 0.8 Evocations


You had 2 spell levels left.
You didn't know any spells.
Your spell library was empty.

Dungeon Overview and Level Annotations

Branches:
Dungeon (5/15)
 Temple: D:4-7

Altars:


Innate Abilities, Weirdness & Mutations

You have a pair of small antennae on your head.
You are partially covered in large bone plates. (SH +4)


Message History

You now have 11 gold pieces.
A shadow imp comes into view.
You see here 20 gold pieces.
f - a bubbling blue potion
Found 10 gold pieces.
Found an arbalest.
You see here a +0 arbalest.
h - a +0 arbalest Adjust to which letter? (? for menu, Esc to quit)
b - a +0 arbalest;
h - a +0 leather armour (worn)
b - a +0 arbalest (weapon)
You now have 21 gold pieces (gained 10).
You see here 20 gold pieces.
You shoot a bolt. The bolt hits the shadow imp!
The shadow imp shouts!
The shadow imp is almost dead.
You shoot a bolt. The bolt closely misses the shadow imp.
The shadow imp gestures at you. Pain shoots through your body!
You shoot a bolt. The bolt barely misses the shadow imp.
An iguana comes into view.
You shoot a bolt. The bolt barely misses the shadow imp.
The bolt barely misses the iguana.
You shoot a bolt. The bolt closely misses the shadow imp.
The bolt hits the iguana!
The iguana is almost dead.
You block the shadow imp's attack. The shadow imp gestures at you.
Pain shoots through your body!
* * * LOW HITPOINT WARNING * * *
You are too injured to fight recklessly!
You are too injured to fight recklessly!
Fire: b) +0 arbalest
Press: ? - help, Q - select action Shift-Dir - straight line, f/p - shadow imp
Aim: a shadow imp (almost dead, 47% to hit)
You shoot a bolt. The bolt closely misses the shadow imp.
The bolt closely misses the iguana.
You block the shadow imp's attack. The shadow imp barely misses you.
The iguana bites you!
You die...

# ######.#...#.#.#...#.#.#...#.#.
# .......#.#.#...........#.#.#...
# #..##.......##.....##.......##
# #......†#...............#.....
# #..#....#....#.###.#....#....#
# ##......#...............#.....
# ######.......##.....##.......##
# #......#.#.#...........#.#.#..
###.####.#...#.#@#...#.#.#...#.#.
.##.##.........l5#.#.#........
.......##.....##.......##.....#
.##.##.#.....$.....#...........
.##... .#.###.#....#....# ##
.#####..... ......#...... .# ##..
.##.......##. ## . ..#.#.


You could see an iguana and a shadow imp.

Vanquished Creatures
  A hound (D:5)
  A quokka (D:5)
2 creatures vanquished.

Notes
Turn   | Place    | Note
-------+----------+-------------------------------------------
     0 | D:5      | flotson the Demonspawn Delver began the quest for the Orb.
     0 | D:5      | Reached XP level 1. HP: 18/18 MP: 1/1
   129 | D:5      | Noticed a hound
   143 | D:5      | Killed a hound
   144 | D:5      | Gained mutation: You have a pair of small antennae on your
                  | head. [demonic ancestry]
   144 | D:5      | Reached XP level 2. HP: 14/24 MP: 2/2
   144 | D:5      | Gained mutation: You are partially covered in large bone
                  | plates. (SH +4) [demonic ancestry]
   144 | D:5      | Reached XP level 3. HP: 17/29 MP: 3/3
   281 | D:5      | Mangled by an iguana

Illustrated notes

Levels and vault maps discovered:
D:5:      nicolae_cairo_tiling_large_dashed, layout_loops_corners,
          nicolae_gozag_seed_capital, minmay_overflow_temple_star_quad,
          serial_rivers, chequers_serial_rivers_micro_e,
          chequers_serial_rivers_large_b, chequers_serial_rivers_micro_c,
          chequers_serial_rivers_room_b, roderic_lattice_a,
          nicolae_shop_unique_rings, grunt_ministairs_10

Skill      XL: |  1 |
---------------+----+-----
Axes           | 2 |  2.0
Dodging        | 2 |  2.0
Fighting       | |  3.2
Armour         | |  0.7
Stealth        | |  4.7
Evocations     | |  0.8

Action                     || total
---------------------------++-------
  Melee: Hand axe          ||    16
   Fire: Arbalest          ||     6
    Use: Potion            ||     1
 Armour: Leather armour    ||     5
  Dodge: Dodged            ||     8
  Block: Other             ||     2

Table legend: (Time is in decaauts)
 A = Elapsed time spent in this place.
 B = Non-inter-level travel time spent in this place.
 C = Inter-level travel time spent in this place.
 D = Time resting spent in this place.
 E = Time spent auto-exploring this place.
 F = Levels seen in this place.
 G = Mean time per level.
                   A        B        C        D        E       F      G
               +--------+--------+--------+--------+--------+-----+--------+
         Total |    298 |    298 |      0 |      0 |    232 |   1 |  298.0 |
       Dungeon |    298 |    298 |      0 |      0 |    232 |   1 |  298.0 |
               +--------+--------+--------+--------+--------+-----+--------+

Top non-repeatable levels by time:
     D:5: 298 daAuts
